 Dungeon Crawl Stone Soup version 0.30-a0-691-g754fce4c43 (webtiles) character file.

Game seed: 1130373250518083382

23821 testman the Grand Scion (level 12, -27/87 HPs)
             Began as a Demonspawn Venom Mage on Jan 19, 2023.
             Was a High Priest of Hepliaklqana.
             Annihilated by a death knight
             ... wielding a +3 glaive
              (30 damage)
             ... on level 13 of the Dungeon.
             The game lasted 00:56:46 (14383 turns).

testman the Grand Scion (Demonspawn Venom Mage)    Turns: 14383, Time: 00:56:47

Health: -27/87     AC: 14    Str: 15    XL:     12   Next: 75%
Magic:  13/21      EV: 23    Int: 28    God:    Hepliaklqana [*****.]
Gold:   652        SH: 11    Dex: 14    Spells: 3/21 levels left

rFire   . . .      SeeInvis .    K - +7 spear "Lamadabb" {heavy, rN+ Str+5 Int+2}
rCold   . . .      Faith    .    J - +0 buckler
rNeg    + . .      Spirit   .    l - +0 acid dragon scales
rPois   .          Reflect  +    p - +1 hat
rElec   .          Harm     .    s - +1 cloak
rCorr   +          Rampage  .    B - +0 pair of gloves
Will    .....                    R - +1 pair of boots
Stlth   ++                       q - amulet of reflection
HPRegen 0.34/turn                v - +5 ring of evasion
MPRegen 0.17/turn                d - +6 ring of intelligence

@: mighty, agile, swift, very quick
A: reduced essence, hooves 2, repulsion field 1, demonic guardian 2, powered by
pain 2
a: Renounce Religion, Recall Ancestor, Ancestor Identity, Transference, Idealise


You were on level 13 of the Dungeon.
You worshipped Hepliaklqana.
Hepliaklqana was extremely pleased with you.
You visited 2 branches of the dungeon, and saw 15 of its levels.
You also visited: Sewer and Ossuary.

You collected 982 gold pieces.
You spent 330 gold pieces at shops.

Inventory:

Hand Weapons
 a - the +9 short sword of Ancient Evil {pain, rPois Dex+4}
   (You found it on level 10 of the Dungeon)

   Dex:       It affects your dexterity (+4).
   rPois:     It protects you from poison.
 y - the +10 spear "Veikkaw" {drain, rPois Str-2 Int+6}
   (You found it on level 3 of the Dungeon)

   Str:       It affects your strength (-2).
   Int:       It affects your intelligence (+6).
   rPois:     It protects you from poison.
 K - the +7 spear "Lamadabb" (weapon) {heavy, rN+ Str+5 Int+2}
   (You found it on level 7 of the Dungeon)

   Str:       It affects your strength (+5).
   Int:       It affects your intelligence (+2).
   rN:        It protects you from negative energy.
Missiles
 T - a throwing net
Armour
 l - +0 acid dragon scales (worn)
 p - a +1 hat (worn)
 s - a +1 cloak (worn)
 B - a +0 pair of gloves (worn)
 J - a +0 buckler (worn)
 R - a +1 pair of boots (worn)
 S - a +1 robe of cold resistance
Jewellery
 d - a +6 ring of intelligence (right hand)
 f - a ring of ice
 n - a ring of fire
 q - an amulet of reflection (around neck)
 v - a +5 ring of evasion (left hand)
 M - a ring of magical power
Wands
 g - a wand of polymorph (4)
 z - a wand of acid (14)
 G - a wand of iceblast (8)
Scrolls
 c - a scroll of brand weapon
 e - 4 scrolls of enchant weapon
 i - 8 scrolls of teleportation
 m - 2 scrolls of fog
 t - 5 scrolls of fear {unknown}
 w - 2 scrolls of magic mapping
 A - 5 scrolls of amnesia
 D - 2 scrolls of torment
 E - a scroll of summoning
 H - a scroll of immolation {unknown}
 P - 6 scrolls of vulnerability
 Q - a scroll of blinking {unknown}
Potions
 b - a potion of magic
 h - 4 potions of ambrosia
 j - 9 potions of curing
 k - 2 potions of resistance {unknown}
 o - 4 potions of heal wounds
 r - a potion of flight {unknown}
 u - 3 potions of brilliance {unknown}
 x - a potion of might
 C - 4 potions of haste {unknown}
 F - 8 potions of attraction {unknown}
 I - 4 potions of berserk rage {unknown}
 L - a potion of mutation {unknown}
 N - a potion of invisibility {unknown}
 O - 3 potions of cancellation {unknown}


   Skills:
 + Level 10.3 Fighting
 + Level 7.6 Polearms
 - Level 5.0 Armour
 - Level 2.0 Dodging
 - Level 1.7 Stealth
 + Level 7.5 Shields
 + Level 5.0 Spellcasting
 - Level 2.0 Conjurations
 - Level 3.3 Translocations
 + Level 2.9 Transmutations
 + Level 2.8 Fire Magic
 - Level 3.8 Air Magic
 + Level 5.9 Poison Magic
 + Level 12.0 Invocations


You had 3 spell levels left.
You knew the following spells:

 Your Spells              Type           Power      Damage    Failure   Level
a - Sting                 Tmut/Pois      100%       1d8       1%          1
b - Poisonous Vapours     Pois/Air       68%        N/A       2%          2
c - Mephitic Cloud        Conj/Pois/Air  29%        N/A       7%          3
d - Olgreb's Toxic Radia  Pois           40%        N/A       10%         4
e - Blink                 Tloc           50%        N/A       4%          2
f - Swiftness             Air            28%        N/A       7%          3
g - Ignite Poison         Fire/Tmut/Pois 28%        N/A       7%          3

Your spell library contained the following spells:

 Spells                   Type           Power      Damage    Failure   Level
 Shock                    Conj/Air       92%        1d8       3%          1
 Magic Dart               Conj           72%        1d6       4%          1
 Kiss of Death            Conj/Necr      48%        2d9       8%          1
 Vhi's Electric Charge    Tloc/Air       54%        N/A       8%          3
 Kindle Blastsparks       Fire/Tloc/Air  50%        2d14      9%          3
 Slow                     Hex            28%        N/A       12%         1
 Summon Small Mammal      Summ           28%        N/A       12%         1
 Call Imp                 Summ           7%         N/A       17%         2
 Call Canine Familiar     Summ           7%         N/A       34%         3
 Confusing Touch          Hex            7%         N/A       34%         3
 Summon Guardian Golem    Hex/Summ       7%         N/A       34%         3
 Vampiric Draining        Necr           7%         2d6       34%         3
 Airstrike                Air            14%        2d(2-18)  24%         4
 Manifold Assault         Tloc           25%        N/A       28%         4
 Passage of Golubria      Tloc           25%        N/A       28%         4
 Arcjolt                  Conj/Air       11%        1d21      67%         5
 Dispel Undead            Necr           7%         3d8       75%         4
 Freezing Cloud           Conj/Ice/Air   9%         6-21      82%         5
 Silence                  Hex/Air        8%         N/A       82%         5
 Simulacrum               Ice/Necr       3%         N/A       100%        6
 Orb of Destruction       Conj           9%         9d6       100%        7
 Spellforged Servitor     Conj/Summ      6%         N/A       100%        7
 Storm Form               Tmut/Air       13%        N/A       100%        7
 Lehudib's Crystal Spear  Conj/Erth      6%         10d3      100%        8
 Maxwell's Capacitive Co  Air            14%        ∞         100%        8
 Polar Vortex             Ice            3%         N/A       100%        9


Dungeon Overview and Level Annotations

Branches:
Dungeon (14/15)            Temple (1/1) D:4            Lair (0/5) D:10
    Orc (0/2) D:11          Sewer (visited)         Ossuary (visited)
 Vaults: D:13-14

Altars:
Ashenzari
Cheibriados
Dithmenos
Fedhas
Gozag
Hepliaklqana
Kikubaaqudgha
Makhleb
Nemelex Xobeh
Okawaru
Qazlal
Ru
Sif Muna
Trog
Uskayaw
Vehumet
Wu Jian
Xom
Yredelemnul

Shops:
D:1 (   D:7 *   D:12 *?

Annotations:
D:13 Maurice


Innate Abilities, Weirdness & Mutations

Your life essence is reduced to manifest your ancestor. (-10% HP)
You have hoof-like feet.
You are surrounded by a mild repulsion field. (EV +2)
A demonic guardian rushes to your aid.
You sometimes gain power by taking damage.


Message History

You focus on the pain.
You feel agile all of a sudden.
The death knight is engulfed in blazing flames.
The death knight offers itself to Yredelemnul, and fills with unholy energy.
The freezing wraith completely misses you.
The freezing wraith misses you.
Cihuaton hits the freezing wraith with a +0 quarterstaff!
The wraith completely misses you.
The freezing wraith hits you but does no damage. x2
Casting: Ignite Poison (dangerous; 7% risk of failure)
Confirm with . or Enter, or press ? or * to list all spells.
You blink.
The death knight drinks a potion.
The death knight seems to grow stronger.
Casting: Blink (safe; 4% risk of failure)
Confirm with . or Enter, or press ? or * to list all spells.
You feel quick.
You feel yourself speed up.
The death knight seems less confused.
Cihuaton hits the freezing wraith with a +0 quarterstaff!
You block the death knight's attack.
The death knight hits you from afar with a +3 glaive!!
* * * LOW HITPOINT WARNING * * *
A demonic guardian appears!
You focus on the pain.
You feel very mighty all of a sudden.
The freezing wraith completely misses you. x2
Maurice the Thief comes into view.
He is wielding a +0 dagger, wearing a +1 cloak of poison resistance and carrying a wand of iceblast (6).
Okay, then.
Okay, then.
You feel much better.
You feel stable enough to blink again.
Maurice says, "Very interesting."
The freezing wraith hits your smoke demon!
The freezing wraith freezes your smoke demon!
The freezing wraith hits your smoke demon!
The freezing wraith misses you. You block the freezing wraith's attack.
The death knight hits you with a +0 great sword!!
* * * LOW HITPOINT WARNING * * *
You focus on the pain.
You feel your power returning.
The death knight hits you from afar with a +3 glaive!!
You die...

##############..
................
.......@WW......
######.Wp3......
#W(pW...... #...R......
#.......... #..........
##############.@........
........................
........................


You could see the friendly Cihuaton the battlemage, 2 death knights, Maurice
(swift), 3 freezing wraiths, 2 wraiths and a friendly smoke demon (summoned).

Vanquished Creatures
  Fannar (D:10)
  A rakshasa (D:11)
  A hydra (D:8)
  An ugly thing (D:12)
  A deep elf pyromancer (D:7)
  2 manticores
  3 cyclopes
  An eye of devastation (shapeshifter) (D:13)
  3 unseen horror zombies (D:9)
  3 unseen horrors
  A kobold demonologist (D:12)
  A troll (D:8)
  Prince Ribbit (D:7)
  A hornet (D:10)
  2 slime creatures
  A shadow (D:11)
  A vampire (D:9)
  12 yaks
  3 wraiths
  A wyvern (D:8)
  A basilisk (D:8)
  4 vampire mosquitoes
  3 water moccasins
  An acid dragon (D:12)
  2 black bears (D:6)
  An ice beast (D:6)
  2 orc warriors (D:11)
  4 sky beasts
  3 centaurs
  A phantom (D:5)
  2 kobold brigands (D:12)
  7 bullfrogs
  A necrophage (D:4)
  7 wights
  A centaur zombie (D:9)
  7 jellies
  5 orc priests
  7 hounds (D:5)
  Natasha (thrice) (D:4)
  Terence (D:3)
  5 iguanas
  A scorpion zombie (D:3)
  10 orc wizards
  2 mummies (Ossuary)
  5 gnolls
  12 adders
  2 river rats (Sewer)
  A white imp (D:8)
  An ufetubus (D:6)
  4 adder zombies (Ossuary)
  A worm (D:2)
  A dart slug (D:4)
  30 orcs
  10 ball pythons
  31 endoplasms
  4 giant cockroaches
  7 goblins
  6 hobgoblins
  7 jackals
  11 kobolds
  4 quokkas
  3 bats
  8 frilled lizards
  5 gnoll zombies (Ossuary)
  2 hobgoblin zombies (Ossuary)
  4 kobold zombies (Ossuary)
  4 orc zombies (Ossuary)
  A quokka zombie (D:3)
  5 rats
291 creatures vanquished.

Vanquished Creatures (collateral kills)
  Gastronok (D:8)
  Josephine (D:13)
  A catoblepas (D:11)
  A tengu warrior (D:11)
  2 ugly things
  A gargoyle (D:9)
  An unseen horror (D:11)
  3 unseen horror zombies (D:9)
  2 komodo dragons
  2 slime creatures (D:12)
  A shadow (D:8)
  A wyvern (D:11)
  A vampire (D:10)
  4 wraiths
  6 yaks
  A water moccasin (D:7)
  An orc warrior (D:6)
  3 centaurs
  A kobold brigand (D:6)
  A gnoll sergeant (D:11)
  A water moccasin zombie (Ossuary)
  5 wights
  A howler monkey (D:8)
  A centaur zombie (D:9)
  An iguana (D:7)
  An orc wizard (D:8)
  A howler monkey zombie (D:9)
  A gnoll (D:11)
  2 adder zombies (Ossuary)
  A worm (D:2)
  7 orcs
  4 endoplasms
  6 kobolds
  An orc zombie (Ossuary)
68 creatures vanquished.

Vanquished Creatures (others)
  9 battlemagi
  11 fungi
  11 plants
  8 toadstools (D:3)
  9 withered plants
48 creatures vanquished.

Grand Total: 407 creatures vanquished

Notes
Turn   | Place    | Note
-------+----------+-------------------------------------------
     0 | D:1      | testman the Demonspawn Venom Mage began the quest for the
                  | Orb.
     0 | D:1      | Reached XP level 1. HP: 13/13 MP: 3/3
    22 | D:1      | Reached skill level 1 in Transmutations
   208 | D:1      | Gained mutation: You sometimes gain a little power by
                  | taking damage. [demonic ancestry]
   208 | D:1      | Reached XP level 2. HP: 20/20 MP: 3/5
   344 | D:1      | Learned a level 2 spell: Poisonous Vapours
   386 | D:1      | Found Qoticre's Antique Weapon Shop.
   860 | D:2      | Reached skill level 1 in Fighting
   860 | D:2      | Reached skill level 1 in Air Magic
   860 | D:2      | Gained mutation: A weak demonic guardian rushes to your
                  | aid. [demonic ancestry]
   860 | D:2      | Reached XP level 3. HP: 26/26 MP: 1/6
   988 | D:2      | Learned a level 3 spell: Mephitic Cloud
  1701 | D:3      | Reached skill level 1 in Conjurations
  1714 | D:3      | Reached XP level 4. HP: 24/32 MP: 3/7
  1864 | D:3      | Identified the +10 spear "Veikkaw" {drain, rPois Str-2
                  | Int+6}
  1970 | D:3      | Reached XP level 5. HP: 35/38 MP: 9/9
  2670 | D:3      | Noticed Terence
  2677 | D:3      | Killed Terence
  2882 | D:3      | Found a basalt altar of Yredelemnul.
  2937 | D:3      | Learned a level 4 spell: Olgreb's Toxic Radiance
  2939 | D:4      | Noticed Natasha
  2944 | D:4      | Killed Natasha
  2945 | D:4      | Gained mutation: You are surrounded by a mild repulsion
                  | field. (EV +2) [demonic ancestry]
  2945 | D:4      | Reached XP level 6. HP: 38/44 MP: 10/10
  2979 | D:4      | Noticed a sky beast
  2993 | D:4      | Killed a sky beast
  3252 | D:4      | Found a staircase to the Ecumenical Temple.
  3261 | Temple   | Entered the Ecumenical Temple
  3360 | Temple   | Became a worshipper of Hepliaklqana the Forgotten
  3452 | D:4      | Noticed Natasha
  3462 | D:4      | Killed Natasha
  3466 | D:4      | Reached XP level 7. HP: 49/52 MP: 6/12
  3708 | D:4      | Noticed Natasha
  3725 | D:4      | Killed Natasha
  3842 | D:4      | Found a snail-covered altar of Cheibriados.
  3849 | D:4      | Found a faded altar of an unknown god.
  3851 | D:4      | Found a broken altar of Ashenzari.
  3853 | D:4      | Found a faded altar of an unknown god.
  3963 | D:5      | Entered Level 5 of the Dungeon
  4013 | D:5      | Reached skill level 1 in Polearms
  4075 | D:5      | Found a glowing drain.
  4083 | Sewer    | Entered a sewer
  4583 | D:5      | Noticed a wraith
  4588 | D:5      | Killed a wraith
  4589 | D:5      | Reached skill level 5 in Poison Magic
  4715 | D:5      | Reached XP level 8. HP: 60/60 MP: 9/14
  4931 | D:5      | Reached * piety under Hepliaklqana
  5576 | D:6      | Reached skill level 1 in Invocations
  5611 | D:6      | Found a sand-covered staircase.
  5615 | D:6      | Found a hide-covered altar of Uskayaw.
  5623 | Ossuary  | Entered an ossuary
  5727 | Ossuary  | Reached skill level 1 in Armour
  5830 | D:6      | Reached skill level 2 in Invocations
  5978 | D:6      | Reached skill level 5 in Spellcasting
  6044 | D:6      | Reached ** piety under Hepliaklqana
  6045 | D:6      | Remembered your ancestor Cihuaton as a battlemage
  6106 | D:6      | Noticed a slime creature
  6110 | D:6      | Reached skill level 3 in Invocations
  6116 | D:6      | Killed a slime creature
  6117 | D:6      | Reached skill level 5 in Fighting
  6126 | D:6      | Gained mutation: You sometimes gain power by taking damage.
                  | [demonic ancestry]
  6126 | D:6      | Reached XP level 9. HP: 57/61 MP: 13/16
  6129 | D:6      | Reached skill level 4 in Invocations
  6426 | D:6      | Reached skill level 5 in Invocations
  6909 | D:7      | Identified the +7 spear "Lamadabb" {heavy, rN+ Str+5 Int+2}
  6967 | D:7      | Found a shimmering blue altar of Sif Muna.
  6980 | D:7      | Reached skill level 1 in Shields
  7099 | D:7      | Noticed a deep elf pyromancer
  7104 | D:7      | Killed a deep elf pyromancer
  7105 | D:7      | Reached skill level 6 in Invocations
  7308 | D:7      | Found Wobroota's General Store.
  7401 | D:7      | Bought a scroll of identify for 26 gold pieces
  7401 | D:7      | Bought a scroll of poison for 52 gold pieces
  7645 | D:7      | Identified the +10 shortbow of Bloodstone {drain, Str+5
                  | Int-4}
  7691 | D:7      | Noticed Prince Ribbit
  7697 | D:7      | Killed Prince Ribbit
  7698 | D:7      | Reached skill level 7 in Invocations
  7698 | D:7      | Gained mutation: You have large cloven feet. [demonic
                  | ancestry]
  7698 | D:7      | Reached XP level 10. HP: 69/69 MP: 12/17
  8139 | D:8      | Noticed a manticore
  8148 | D:8      | Killed a manticore
  8370 | D:8      | Reached skill level 8 in Invocations
  8461 | D:8      | Noticed Gastronok
  8472 | D:8      | Killed Gastronok
  8680 | D:8      | Noticed a six-headed hydra
  8686 | D:8      | Noticed a cyclops
  8698 | D:8      | Killed a six-headed hydra
  8699 | D:8      | Reached skill level 5 in Polearms
  8699 | D:8      | Reached skill level 5 in Shields
  8699 | D:8      | Reached skill level 9 in Invocations
  8900 | D:8      | Killed a cyclops
  8901 | D:8      | Gained mutation: A demonic guardian rushes to your aid.
                  | [demonic ancestry]
  8901 | D:8      | Reached XP level 11. HP: 77/77 MP: 11/18
  8998 | D:8      | Reached *** piety under Hepliaklqana
  9025 | D:8      | Learned a level 2 spell: Blink
  9538 | D:9      | Reached skill level 1 in Translocations
  9987 | D:9      | Learned a level 3 spell: Swiftness
 10011 | D:9      | Found a bloodstained altar of Trog.
 10426 | D:10     | Entered Level 10 of the Dungeon
 10521 | D:10     | Reached skill level 10 in Invocations
 10561 | D:10     | Noticed Fannar
 10570 | D:10     | Killed Fannar
 10791 | D:10     | Reached **** piety under Hepliaklqana
 10867 | D:10     | Found a staircase to the Lair.
 11044 | D:10     | Identified the +9 short sword of Ancient Evil {pain, rPois
                  | Dex+4}
 11241 | D:11     | Noticed a rakshasa
 11241 | D:11     | Noticed a catoblepas
 11263 | D:11     | Killed a rakshasa
 11373 | D:11     | Learned a level 3 spell: Ignite Poison
 11544 | D:11     | Noticed a tengu warrior
 11552 | D:11     | Killed a tengu warrior
 11708 | D:11     | Reached skill level 1 in Fire Magic
 11883 | D:11     | Gained mutation: You have hoof-like feet. [demonic
                  | ancestry]
 11883 | D:11     | Reached XP level 12. HP: 86/86 MP: 20/20
 11933 | D:11     | Killed a catoblepas
 11977 | D:11     | Reached skill level 11 in Invocations
 12208 | D:11     | Found a staircase to the Orcish Mines.
 12577 | D:12     | Found Zisaaggi's Magic Scroll Boutique.
 12580 | D:12     | You fall into a shaft and drop 2 floors!
 12834 | D:13     | Noticed Josephine
 12843 | D:13     | Killed Josephine
 12919 | D:12     | Bought a scroll of identify for 36 gold pieces
 12919 | D:12     | Bought a scroll of amnesia for 72 gold pieces
 12919 | D:12     | Bought a scroll of vulnerability for 72 gold pieces
 12919 | D:12     | Bought a scroll of identify for 36 gold pieces
 12919 | D:12     | Bought a scroll of identify for 36 gold pieces
 13149 | D:12     | Reached skill level 10 in Fighting
 13596 | D:12     | Reached ***** piety under Hepliaklqana
 13663 | D:12     | Found Hefolang's Neck Hole.
 13922 | D:12     | Reached skill level 5 in Armour
 14178 | D:12     | Reached skill level 12 in Invocations
 14373 | D:13     | Noticed a death knight
 14373 | D:13     | Noticed a death knight
 14382 | D:13     | HP: 2/87 [death knight/+3 glaive (23)]
 14382 | D:13     | Noticed Maurice
 14383 | D:13     | Annihilated by a death knight

Illustrated notes

Levels and vault maps discovered:
D:1:      ncdulo_wetmaze, layout_basic, serial_shops, nicolae_lakefront_shop,
          patterned_corridor
D:2:      layout_basic
D:3:      cheibrodos_fertilizer, layout_basic, lemuel_zombie_altar_yredelemnul,
          uniq_terence
D:4:      layout_rooms, chequers_temple_overflow_minitemple,
          lemuel_temple_firewalk_b, uniq_natasha
D:5:      layout_layer_cave, portal_sewer_entry_a
D:6:      lemuel_slime, layout_loops_corners, minitemple,
          nicolae_ossuary_entry_ruins
D:7:      layout_basic, mainiacjoe_overflow_catwalk, serial_shops,
          nicolae_inconvenience_store, guppyfry_early_elven_hall,
          uniq_prince_ribbit1
D:8:      layout_basic, minmay_shattered_shrine, uniq_gastronok
D:9:      layout_basic, mainiacjoe_overflow_paths, serial_undead,
          serial_undead_e, serial_undead_f, serial_undead_f, serial_undead_c,
          serial_undead_e, serial_undead_c, serial_undead_d, serial_undead_d,
          minmay_misc_feat_roman
D:10:     layout_basic, david_lair_shrubbed, grunt_decor_mini_mirrors,
          wad_floor_pattern_2, minmay_misc_feat_columns,
          minmay_misc_feat_diagonals, uniq_fannar
D:11:     layout_gridville, orc_0_dummy
D:12:     layout_stronghold, serial_shops, nicolae_stop_n_shop_2,
          nicolae_shop_sticking_my_neck_out
D:13:     layout_long_grid, ebering_ghost_disaster_area, st_stairs_2,
          kiku_gazebo_garden_becter, uniq_josephine, uniq_maurice
D:14:     layout_loops_ring, lightli_vaults_fourway_checkpoint, serial_shops,
          nicolae_shop_stone, nicolae_hepliaklqana_hippocampus
Temple:   compressed_dpeg_circular_temple

Skill      XL: |  1  2  3  4  5  6  7  8  9 10 11 12 |
---------------+-------------------------------------+-----
Transmutations | 1 2 |  2.9
Fighting       | 1 2 3 5 6 8 9 10 | 10.3
Air Magic      | 1 2 3 |  3.8
Conjurations   | 1 2 |  2.0
Spellcasting   | 3 4 5 |  5.0
Poison Magic   | 4 5 |  5.9
Dodging        | 2 |  2.0
Polearms       | 2 3 5 6 7 |  7.6
Invocations    | 3 7 9 10 12 | 12.0
Armour         | 2 4 5 |  5.0
Shields        | 2 5 6 7 |  7.5
Translocations | 3 |  3.3
Fire Magic     | 1 2 |  2.8
Stealth        | |  1.7

Action                   |  1- 3 |  4- 6 |  7- 9 | 10-12 || total
-------------------------+-------+-------+-------+-------++-------
Melee: Dagger            |   102 |     6 |       |       ||   108
       Punch             |     2 |     1 |     2 |       ||     5
       Spear             |       |   101 |   278 |   335 ||   714
       Kick              |       |       |       |    26 ||    26
 Cast: Sting             |    37 |     8 |     3 |     8 ||    56
       Poisonous Vapours |    10 |    13 |    28 |     5 ||    56
       Mephitic Cloud    |       |     2 |     3 |    10 ||    15
       Olgreb's Toxic Ra |       |       |     7 |    18 ||    25
       Ignite Poison     |       |       |       |    12 ||    12
       Blink             |       |       |       |     1 ||     1
       Swiftness         |       |       |       |     1 ||     1
Invok: Ancestor Life: Ba |       |       |     1 |       ||     1
       Recall Ancestor   |       |       |       |     1 ||     1
Evoke: Wand              |       |       |     2 |     1 ||     3
  Use: Scroll            |       |       |     7 |    10 ||    17
       Potion            |       |       |       |     2 ||     2
 Stab: Sleeping          |     4 |     1 |     6 |     9 ||    20
       Confused          |       |       |     1 |     3 ||     4
       Distracted        |       |       |     3 |     6 ||     9
Armor: Robe              |    17 |    11 |    12 |    39 ||    79
       Acid dragon scale |       |       |       |     6 ||     6
Dodge: Dodged            |    69 |    41 |   100 |   158 ||   368
Block: Other             |     1 |    14 |    28 |       ||    43
       Reflection        |       |     1 |     6 |     5 ||    12
       Buckler           |       |       |     8 |   137 ||   145

Table legend: (Time is in decaauts)
 A = Elapsed time spent in this place.
 B = Non-inter-level travel time spent in this place.
 C = Inter-level travel time spent in this place.
 D = Time resting spent in this place.
 E = Time spent auto-exploring this place.
 F = Levels seen in this place.
 G = Mean time per level.
                   A        B        C        D        E       F      G
               +--------+--------+--------+--------+--------+-----+--------+
         Total |  14556 |  13992 |    564 |    402 |  11181 |  17 |  856.2 |
       Dungeon |  13820 |  13256 |    564 |    402 |  10697 |  14 |  987.1 |
        Temple |    133 |    133 |      0 |      0 |     59 |   1 |  133.0 |
         Sewer |    446 |    446 |      0 |      0 |    347 |   1 |  446.0 |
       Ossuary |    155 |    155 |      0 |      0 |     78 |   1 |  155.0 |
               +--------+--------+--------+--------+--------+-----+--------+

Top non-repeatable levels by time:
    D:12: 1483 daAuts
     D:8: 1482 daAuts
     D:3: 1316 daAuts
    D:11: 1315 daAuts
     D:6: 1211 daAuts
     D:5: 1070 daAuts
     D:9: 1064 daAuts
     D:7: 1063 daAuts
     D:4: 987 daAuts
    D:10: 821 daAuts
     D:1: 815 daAuts
     D:2: 810 daAuts
   Sewer: 446 daAuts
    D:13: 364 daAuts
 Ossuary: 155 daAuts
